Map: Ulrena

Players

Xandros - Winner!

  • Race: Zerg Zerg

IA (Difícil) 1

  • Race: Zerg Zerg

VOD

Have the link to the VOD?

Description

Time

  • Played on: Nov. 18, 2015, 12:31 p.m.
  • Length: 11:19
Show
View Real Time Build Order
Export as new Build Order

Xandros Zerg - Winner!

Build Orders: Pool First 

Get SALT Encoding   

  12  0:02  Drone  
  13  0:10  Drone  
  14  0:19  Overlord  
  14  0:37  Spawning Pool  
  14  0:39  Drone  
  14  0:43  Drone  
  14  0:47  Drone  
  16  0:54  Drone, Extractor  
  16  1:01  Drone  
  17  1:11  Drone  
  18  1:22  Drone  
  18  1:24  Queen  
  21  1:37  Overlord  
  21  1:46  Drone  
  22  1:50  Extractor  
  21  1:57  Drone  
  22  2:03  Hatchery  
  21  2:23  Drone x2  
  21  2:24  Queen  
  25  2:31  Overlord  
  25  2:41  Zergling x2  
  26  2:47  Zergling x6  
  29  2:57  Metabolic Boost  
  29  3:19  Drone  
  30  3:20  Drone  
  30  3:21  Drone x5  
  36  3:28  Roach Warren  
  36  3:33  Lair  
  35  4:05  Evolution Chamber  
  35  4:08  Overlord x3  
  34  4:12  Drone x2  
  36  4:44  Spine Crawler  
  36  4:45  Roach x5  
  45  4:46  Roach x4  
  45  4:47  Roach  
  55  4:58  Drone x2  
  57  5:01  Drone  
  57  5:02  Overlord, Extractor  
  57  5:03  Overlord  
  57  5:17  Hydralisk Den  
  57  5:18  Burrow  
  56  5:42  Zerg Ground Armor Level 1  
  56  5:47  Overlord x2  
  56  5:50  Hydralisk x4  
  64  6:00  Zergling x6  
  64  6:03  Drone  
  64  6:04  Drone  
  69  6:14  Lurker Den  
  69  6:22  Infestation Pit  
  63  6:57  Drone x3  
  63  7:00  Infestor  
  63  7:01  Infestor  
  70  7:07  Hydralisk x2  
  70  7:08  Hydralisk x4  
  76  7:14  Zergling x2  
  76  7:15  Zergling x2  
  84  7:24  Drone  
  84  7:25  Extractor  
  84  7:28  Glial Reconstitution  
  84  7:56  Ravager  
  84  7:57  Ravager  
  86  8:01  Lurker  
  86  8:03  Lurker  
  88  8:24  Zerg Missile Weapons Level 1  
  88  8:26  Hatchery  
  87  9:01  Overseer  
  79  9:36  Hydralisk x3, Roach  
  79  9:37  Hydralisk x3, Roach x4  
  79  9:38  Roach x2  
  99  10:30  Zergling x4  
  99  10:31  Zergling x8  
  105  10:42  Queen  
Show
View Real Time Build Order
Export as new Build Order

IA (Difícil) 1 Zerg 

Build Orders: Pool First 

Get SALT Encoding   

  12  0:01  Drone  
  13  0:12  Overlord  
  13  0:17  Drone  
  14  0:30  Drone  
  14  0:32  Drone  
  16  0:42  Spawning Pool  
  16  0:45  Drone  
  16  0:49  Drone  
  17  0:52  Extractor  
  17  0:55  Drone  
  17  1:06  Overlord  
  17  1:31  Zergling x2, Queen  
  20  1:38  Roach Warren, Drone  
  20  1:42  Zergling x2  
  20  1:45  Extractor  
  20  1:49  Drone  
  21  2:00  Drone  
  22  2:10  Lair  
  22  2:18  Roach  
  22  2:21  Drone  
  25  2:33  Drone  
  26  2:40  Overlord  
  26  2:46  Roach  
  30  2:58  Roach  
  30  2:59  Overlord  
  30  3:12  Hydralisk Den, Roach  
  31  3:16  Drone  
  32  3:23  Roach  
  36  3:34  Roach  
  36  3:36  Overlord  
  36  3:44  Hydralisk  
  38  3:55  Drone, Hydralisk  
  41  3:59  Drone  
  42  4:04  Drone  
  43  4:12  Hydralisk  
  43  4:13  Drone  
  43  4:14  Overlord  
  46  4:17  Drone  
  46  4:26  Zergling x2  
  47  4:32  Baneling Nest  
  47  4:36  Hydralisk  
  47  4:37  Evolution Chamber  
  47  4:45  Drone  
  48  4:46  Drone  
  48  4:48  Drone  
  50  6:02  Zerg Melee Weapons Level 1  
  50  6:03  Muscular Augments  
  50  6:06  Evolution Chamber, Drone  
  50  6:07  Infestation Pit  
  50  6:08  Drone  
  50  6:09  Spore Crawler  
  50  6:11  Spore Crawler, Drone  
  48  6:12  Hatchery  
  48  6:13  Drone  
  48  6:14  Burrow  
  49  6:27  Zergling x2  
  49  6:31  Zerg Ground Armor Level 1  
  48  6:44  Infestor  
  48  6:55  Spine Crawler, Infestor  
  48  6:57  Drone  
  50  7:03  Spine Crawler  
  50  7:04  Drone  
  50  7:08  Infestor  
  52  7:17  Overlord  
  52  7:19  Hydralisk  
  54  7:24  Drone  
  54  7:25  Queen  
  54  7:26  Drone  
  54  7:27  Drone  
  54  7:28  Drone  
  60  7:32  Drone  
  61  7:37  Drone  
  61  7:39  Drone  
  61  7:43  Drone  
  64  7:45  Drone  
  64  7:47  Drone  
  64  7:50  Drone  
  67  7:54  Overseer  
  67  7:56  Drone  
  67  7:57  Zerg Missile Weapons Level 1  
  68  7:59  Overlord  
  68  8:01  Drone  
  68  8:03  Drone  
  70  8:05  Drone  
  70  8:07  Drone  
  70  8:11  Overseer  
  73  8:12  Drone  
  73  8:17  Spore Crawler, Drone  
  73  8:22  Spore Crawler  
  73  8:23  Drone  
  73  8:26  Queen  
  75  8:29  Overlord  
  75  8:40  Spire  
  74  8:41  Drone  
  74  8:47  Spine Crawler  
  74  8:49  Spine Crawler  
  74  8:50  Drone  
  74  8:56  Zergling x2  
  72  9:06  Hydralisk  
  56  9:16  Extractor  
  47  9:17  Drone x2  
  47  9:18  Roach  
  47  9:21  Zergling x2  
  48  9:31  Zergling x2  
  48  9:35  Zergling x2  
  46  9:39  Zergling x2  
  46  9:43  Zergling x2  
  38  9:53  Roach  
  38  9:54  Drone  
  38  9:58  Drone  
  40  10:03  Zergling x2  
  40  10:07  Zergling x2  
  38  10:17  Hydralisk  
  38  10:18  Queen  
  39  10:22  Overlord  
  39  10:23  Overseer  
  32  10:40  Hydralisk  
  32  10:42  Overlord  
  31  10:44  Zergling x2  
  31  10:45  Evolution Chamber  
  29  10:53  Overlord  
Tags
 
Add a new tag
Caveats
  • Supply blocks, unpowered buildings, or Contaminate may cause inaccurate times.
  • Supply counts are checked every 10 seconds.